Map: 2000 Atmospheres LE

Players

llllllllllll

  • Race: Protoss Protoss
  • League: Master
  • Spawn Location: 3:00

CarpalTunnel - Winner!

  • Race: Zerg Zerg
  • League: Diamond
  • Spawn Location: 7:00

VOD

Have the link to the VOD?

Description

Time

  • Played on: May 16, 2022, 10:28 p.m.
  • Length: 12:43
Show
View Real Time Build Order
Export as new Build Order

llllllllllll Protoss 

Build Orders:  

Get SALT Encoding   

  12  0:00  Probe (Chrono Boost)  
  13  0:12  Probe (Chrono Boost)  
  14  0:17  Pylon  
  15  0:21  Probe (Chrono Boost)  
  15  0:35  Probe  
  16  0:37  Forge  
  17  0:54  Probe  
  17  0:57  Pylon  
  17  1:06  Pylon  
  17  1:07  Pylon  
  17  1:16  Photon Cannon  
  16  1:34  Probe  
  16  1:39  Assimilator  
  16  1:54  Probe  
  17  1:56  Assimilator  
  17  2:06  Probe  
  18  2:11  Pylon  
  18  2:18  Probe  
  18  2:19  Gateway  
  19  2:25  Photon Cannon  
  19  2:30  Photon Cannon, Probe  
  19  2:42  Probe (Chrono Boost)  
  20  2:46  Photon Cannon  
  20  2:47  Photon Cannon  
  20  2:54  Probe (Chrono Boost)  
  21  3:02  Photon Cannon  
  22  3:11  Cybernetics Core  
  21  3:18  Cybernetics Core  
  21  3:23  Probe  
  22  3:33  Pylon  
  22  3:35  Probe  
  23  3:47  Pylon  
  23  3:48  Probe  
  24  3:59  Robotics Facility  
  24  4:00  Robotics Facility  
  24  4:01  Assimilator  
  24  4:08  Photon Cannon  
  24  4:13  Shield Battery  
  24  4:28  Shield Battery  
  24  4:43  Stalker (Chrono Boost)  
  26  4:46  Immortal (Chrono Boost)  
  26  4:52  Observer (Chrono Boost)  
  31  5:15  Immortal (Chrono Boost)  
  31  5:20  Shield Battery  
  35  5:24  Observer  
  35  5:29  Shield Battery  
  35  5:40  Photon Cannon  
  35  5:45  Pylon  
  35  6:03  Photon Cannon  
  35  6:08  Shield Battery  
  39  6:18  Immortal (Chrono Boost)  
  39  6:26  Photon Cannon  
  39  6:34  Immortal (Chrono Boost)  
  43  6:43  Shield Battery  
  43  7:04  Robotics Bay  
  43  7:15  Photon Cannon  
  43  7:18  Pylon  
  43  7:47  Observer  
  43  7:48  Disruptor (Chrono Boost)  
  43  7:57  Shield Battery  
  49  7:58  Shield Battery, Disruptor (Chrono Boost)  
  49  8:17  Disruptor (Chrono Boost)  
  55  8:34  Disruptor (Chrono Boost)  
  55  8:47  Nexus  
  55  9:06  Shield Battery  
  55  9:10  Photon Cannon, Pylon  
  55  9:13  Observer  
  55  9:32  Photon Cannon  
  55  9:33  Shield Battery  
  51  9:58  Warp Prism (Chrono Boost)  
  51  10:06  Disruptor (Chrono Boost)  
  54  10:19  Nexus  
  54  10:24  Stargate  
  54  10:52  Pylon  
  51  11:12  Phoenix  
  40  11:37  Phoenix  
  22  12:02  Phoenix (Chrono Boost)  
Show
View Real Time Build Order
Export as new Build Order

CarpalTunnel Zerg - Winner!

Build Orders: Hatch First 

Get SALT Encoding   

  12  0:00  Drone  
  13  0:13  Overlord  
  13  0:17  Drone  
  14  0:31  Drone  
  14  0:32  Drone  
  16  0:48  Hatchery  
  15  0:52  Drone  
  15  0:54  Drone  
  18  1:04  Drone  
  18  1:34  Spawning Pool  
  17  1:44  Drone x2  
  17  2:02  Drone x3  
  20  2:14  Drone  
  20  2:15  Drone  
  22  2:30  Drone x3  
  22  2:36  Queen, Drone  
  28  2:47  Queen, Extractor x2  
  30  2:53  Overlord x2  
  30  3:07  Spine Crawler  
  30  3:08  Extractor  
  30  3:09  Spine Crawler  
  30  3:10  Extractor  
  30  3:11  Drone x3  
  28  3:22  Drone x3  
  31  3:29  Queen  
  33  3:38  Roach Warren, Drone  
  33  3:39  Drone  
  33  3:40  Drone  
  35  3:52  Drone x3  
  38  4:03  Overlord x2  
  38  4:12  Hatchery  
  37  4:17  Drone x3  
  37  4:24  Roach x2  
  42  4:27  Roach  
  46  4:35  Roach x2  
  50  4:44  Roach x3  
  56  4:48  Ravager x2  
  56  4:50  Overlord  
  58  4:57  Queen  
  60  5:04  Overlord x2  
  60  5:18  Overlord x2  
  60  5:19  Overlord  
  58  5:26  Ravager  
  57  5:28  Queen  
  57  5:31  Ravager x2  
  61  5:41  Roach x3  
  67  5:43  Queen  
  67  5:44  Queen  
  69  6:04  Drone  
  69  6:05  Drone x8  
  69  6:09  Queen  
  80  6:12  Metabolic Boost  
  80  6:19  Queen  
  80  6:23  Roach x4  
  84  6:40  Zergling x18  
  93  6:56  Zergling x8  
  93  6:59  Hatchery  
  93  7:01  Queen  
  100  7:13  Zergling x12  
  100  7:15  Overlord x2  
  105  7:18  Lair  
  103  7:36  Roach x9  
  101  7:49  Roach  
  101  7:50  Roach x3  
  98  7:59  Ravager  
  98  8:04  Extractor x2  
  98  8:05  Extractor x2, Drone x3  
  99  8:07  Queen x2, Drone x3  
  105  8:16  Zergling x8  
  109  8:34  Zergling x20  
  95  8:41  Spire  
  95  8:47  Drone x4  
  98  9:00  Queen x2  
  92  9:08  Zergling x8  
  96  9:11  Overlord  
  83  9:24  Zergling x2  
  83  9:25  Zergling x14  
  78  9:54  Mutalisk  
  78  9:55  Mutalisk x7  
  94  10:06  Drone x2  
  96  10:07  Mutalisk x2, Drone x2  
  102  10:14  Mutalisk  
  102  10:15  Mutalisk  
  106  10:22  Mutalisk  
  106  10:23  Mutalisk x2  
  112  10:28  Mutalisk  
  112  10:29  Mutalisk  
  112  10:32  Drone  
  112  10:50  Zergling x8  
  112  10:51  Zergling x18  
  125  11:00  Mutalisk  
  125  11:01  Mutalisk x2  
  123  11:11  Mutalisk x3  
  123  11:18  Zergling x10  
  123  11:19  Zergling x2  
  124  11:28  Zergling x4  
  124  11:29  Zergling x8  
  119  11:47  Zergling x2  
  119  11:48  Zergling x14  
  121  11:59  Zergling x16  
  121  12:00  Zergling x8  
  125  12:07  Mutalisk  
  125  12:08  Mutalisk  
  106  12:17  Zergling x8  
Tags
 
Add a new tag
Caveats
  • Supply blocks, unpowered buildings, or Contaminate may cause inaccurate times.
  • Supply counts are checked every 10 seconds.